BR (22 & UNDER)
ROY EAGLE SQUADRON @ SANTA CLARITA MUSIC
09/05/2029
 
TOP OF THE 1ST
Roy Eagle Squadron batting - Pitching for Santa Clarita Music : LHP Mario Árias
Pitching: LHP Mario Árias
Batting: RHB Kevin Hale 0-0: Called Strike
0-1: Ball
1-1: Ball
2-1: Ball
3-1: SINGLE (Groundball, 15S) (infield hit)
Batting: RHB Carl Curry 0-0: Foul Ball, location: 2F
0-1: Ball
1-1: Called Strike
1-2: Foul Ball, location: 2F
1-2: Ball
2-2: Fly out, F8 (Flyball, 8LD)
Batting: RHB Enrique Soto 0-0: DOUBLE (Line Drive, 78XD)
Kevin Hale to third
Runner from 3rd tries for Home, SAFE, no throw
Batting: LHB Cisco Villanueva 0-0: Ball
1-0: Swinging Strike
1-1: Called Strike
1-2: Strikes out swinging
Batting: SHB Allen King 0-0: Ball
1-0: Ball
2-0: Ball
3-0: Base on Balls
Batting: LHB Octávio Otero 0-0: Ball
1-0: Ball
2-0: Foul Ball, location: 2F
2-1: Ball
3-1: Foul Ball, location: 2F
3-2: Strikes out swinging
Top of the 1st over - 1 run, 2 hits, 0 errors, 2 left on base; Roy 1 - Santa Clarita 0
BOTTOM OF THE 1ST
Santa Clarita Music batting - Pitching for Roy Eagle Squadron : RHP John Ashe
Pitching: RHP John Ashe
Batting: RHB Sergio Moreno 0-0: Called Strike
0-1: Ball
1-1: Foul Ball, location: 2F
1-2: Foul Ball, location: 2F
1-2: Foul Ball, location: 2F
1-2: Strikes out swinging
Batting: RHB Júlio Durán 0-0: Called Strike
0-1: Ball
1-1: Ball
2-1: Foul Ball, location: 2F
2-2: Foul Ball, location: 2F
2-2: Ball
3-2: Strikes out swinging
Batting: RHB Jesús Morales 0-0: Ball
1-0: Fly out, F7 (Flyball, 7D)
Bottom of the 1st over - 0 runs, 0 hits, 0 errors, 0 left on base; Roy 1 - Santa Clarita 0
TOP OF THE 2ND
Roy Eagle Squadron batting - Pitching for Santa Clarita Music : LHP Mario Árias
Batting: LHB Robinson González 0-0: Ball
1-0: Ball
2-0: Ground out 6-3 (Groundball, 6D)
Batting: LHB Larry Bradley 0-0: Ground out 6-3 (Groundball, 6)
Batting: RHB Ryan Campbell 0-0: Ground out 4-3 (Groundball, 4MS)
Top of the 2nd over - 0 runs, 0 hits, 0 errors, 0 left on base; Roy 1 - Santa Clarita 0
BOTTOM OF THE 2ND
Santa Clarita Music batting - Pitching for Roy Eagle Squadron : RHP John Ashe
Batting: SHB Stan Gómez 0-0: Called Strike
0-1: Ball
1-1: Ball
2-1: DOUBLE (Line Drive, 7LS)
Batting: RHB Lyle Johnston 0-0: Ball
1-0: Foul Ball, location: 2F
1-1: Ball
2-1: Ball
3-1: SINGLE (Line Drive, 4M)
Stan Gómez to third
Runner from 3rd tries for Home, SAFE, no throw
Batting: RHB Juan Alvarado Pickoff Throw to First - Out!
0-0: Ball
1-0: Called Strike
1-1: Ball
2-1: Foul Ball, location: 2F
2-2: Strikes out swinging
Batting: RHB Adam Gentry 0-0: Called Strike
0-1: Foul Ball, location: 2F
0-2: Ball
1-2: Ball
2-2: Ball
3-2: Ground out 6-3 (Groundball, 6M)
Bottom of the 2nd over - 1 run, 2 hits, 0 errors, 0 left on base; Roy 1 - Santa Clarita 1
TOP OF THE 3RD
Roy Eagle Squadron batting - Pitching for Santa Clarita Music : LHP Mario Árias
Batting: RHB Kevin Hale 0-0: Foul Ball, location: 2F
0-1: Foul Ball, location: 2F
0-2: Ball
1-2: Ball
2-2: Ball
3-2: Strikes out looking
Batting: RHB Carl Curry 0-0: Swinging Strike
0-1: Ball
1-1: Called Strike
1-2: Foul Ball, location: 2F
1-2: Foul Ball, location: 2F
1-2: Foul Ball, location: 2F
1-2: Ball
2-2: Ball
3-2: Ground out 6-3 (Groundball, 6M)
Batting: RHB Enrique Soto 0-0: Fly out, F8 (Flyball, 8LM)
Top of the 3rd over - 0 runs, 0 hits, 0 errors, 0 left on base; Roy 1 - Santa Clarita 1
BOTTOM OF THE 3RD
Santa Clarita Music batting - Pitching for Roy Eagle Squadron : RHP John Ashe
Batting: RHB Tyler Bond 0-0: Ball
1-0: Ball
2-0: Called Strike
2-1: Ground out 1-3 (Groundball, P)
Batting: RHB Leroy Bates 0-0: Foul Ball, location: 2F
0-1: Ball
1-1: Swinging Strike
1-2: Strikes out swinging
Batting: RHB Sergio Moreno 0-0: Fly out, F7 (Flyball, 78M)
Bottom of the 3rd over - 0 runs, 0 hits, 0 errors, 0 left on base; Roy 1 - Santa Clarita 1
TOP OF THE 4TH
Roy Eagle Squadron batting - Pitching for Santa Clarita Music : LHP Mario Árias
Batting: LHB Cisco Villanueva 0-0: Called Strike
0-1: Foul Ball, location: 2F
0-2: SINGLE (Line Drive, 9S)
Batting: SHB Allen King 0-0: Ball
1-0: Called Strike
1-1: Ball
2-1: Fly out, F9 (Flyball, 9S)
Batting: LHB Octávio Otero 0-0: Ground out 4-3 (Groundball, 34)
Cisco Villanueva to second
Batting: LHB Robinson González 0-0: Called Strike
0-1: SINGLE (Groundball, 34D)
Cisco Villanueva to third
Runner from 3rd tries for Home, SAFE, no throw
Batting: LHB Larry Bradley 0-0: Ball
1-0: SINGLE (Flyball, 8LS)
Robinson González to second
Batting: RHB Ryan Campbell 0-0: Ball
1-0: Ball
2-0: Ball
3-0: Base on Balls
Robinson González to third
Larry Bradley to second
Batting: RHB Kevin Hale 0-0: Ball
1-0: Ball
2-0: Foul Ball, location: 2F
2-1: Fly out, F8 (Flyball, 8LD)
Top of the 4th over - 1 run, 3 hits, 0 errors, 3 left on base; Roy 2 - Santa Clarita 1
BOTTOM OF THE 4TH
Santa Clarita Music batting - Pitching for Roy Eagle Squadron : RHP John Ashe
Batting: RHB Júlio Durán 0-0: DOUBLE (Flyball, 8LD)
Batting: RHB Jesús Morales 0-0: Ball
Júlio Durán steals 3rd base
1-0: Called Strike
1-1: Foul Ball, location: 2F
1-2: Ball
2-2: Ball
3-2: Ground out 4-3 (Groundball, 4)
Júlio Durán scores
Batting: SHB Stan Gómez 0-0: Called Strike
0-1: Ball
1-1: Ball
2-1: Foul Ball, location: 2F
2-2: Foul Ball, location: 2F
2-2: Ball
3-2: Foul Ball, location: 2F
3-2: Fly out, F8 (Line Drive, 78D)
Batting: RHB Lyle Johnston 0-0: SINGLE (Flyball, 7LS)
Batting: RHB Juan Alvarado 0-0: Ball
1-0: Ball
2-0: Fly out, F7 (Flyball, 78S)
Bottom of the 4th over - 1 run, 2 hits, 0 errors, 1 left on base; Roy 2 - Santa Clarita 2
TOP OF THE 5TH
Roy Eagle Squadron batting - Pitching for Santa Clarita Music : LHP Mario Árias
Batting: RHB Carl Curry 0-0: Called Strike
0-1: Ball
1-1: Swinging Strike
1-2: Ball
2-2: Ball
3-2: Ground out 6-3 (Groundball, 6MS)
Batting: RHB Enrique Soto 0-0: Called Strike
0-1: Ball
1-1: Fly out, F7 (Line Drive, 7LM)
Batting: LHB Cisco Villanueva 0-0: Ball
1-0: Ball
2-0: Ball
3-0: Foul Ball, location: 2F
3-1: Foul Ball, location: 2F
3-2: Strikes out swinging
Top of the 5th over - 0 runs, 0 hits, 0 errors, 0 left on base; Roy 2 - Santa Clarita 2
BOTTOM OF THE 5TH
Santa Clarita Music batting - Pitching for Roy Eagle Squadron : RHP John Ashe
Batting: RHB Adam Gentry 0-0: Foul Ball, location: 2F
0-1: Called Strike
0-2: Ball
1-2: Ball
2-2: Ball
3-2: DOUBLE (Line Drive, 9LS)
Batting: RHB Tyler Bond 0-0: Swinging Strike
0-1: Ball
1-1: Fly out, F3 (Line Drive, 3)
Batting: RHB Leroy Bates 0-0: Swinging Strike
0-1: Ball
1-1: Ground out 6-3 (Groundball, 6S)
Adam Gentry to third
Batting: RHB Sergio Moreno 0-0: Called Strike
0-1: Ball
1-1: Ball
2-1: Fly out, F7 (Flyball, 7)
Bottom of the 5th over - 0 runs, 1 hit, 0 errors, 1 left on base; Roy 2 - Santa Clarita 2
TOP OF THE 6TH
Roy Eagle Squadron batting - Pitching for Santa Clarita Music : LHP Mario Árias
Batting: SHB Allen King 0-0: Ball
1-0: Ball
2-0: Fly out, F7 (Flyball, 78S)
Batting: LHB Octávio Otero 0-0: Called Strike
0-1: Swinging Strike
0-2: Ball
1-2: Fly out, F8 (Line Drive, 8LM)
Batting: LHB Robinson González 0-0: Ground out 6-3 (Groundball, 6)
Top of the 6th over - 0 runs, 0 hits, 0 errors, 0 left on base; Roy 2 - Santa Clarita 2
BOTTOM OF THE 6TH
Santa Clarita Music batting - Pitching for Roy Eagle Squadron : RHP John Ashe
Batting: RHB Júlio Durán 0-0: Ball
1-0: Ball
2-0: Swinging Strike
2-1: Called Strike
2-2: Ball
3-2: Foul Ball, location: 2F
3-2: Fly out, F8 (Flyball, 8RS)
Batting: RHB Jesús Morales 0-0: Called Strike
0-1: Ball
1-1: Ball
2-1: Called Strike
2-2: Ground out 4-3 (Groundball, 4)
Batting: SHB Stan Gómez 0-0: Foul Ball, location: 2F
0-1: Ball
1-1: SINGLE (Groundball, 4MS) (infield hit)
Batting: RHB Lyle Johnston 0-0: Fly out, F4 (Line Drive, 4)
Bottom of the 6th over - 0 runs, 1 hit, 0 errors, 1 left on base; Roy 2 - Santa Clarita 2
TOP OF THE 7TH
Roy Eagle Squadron batting - Pitching for Santa Clarita Music : LHP Mario Árias
Pinch Hitting: LHB Quinn Webb 0-0: Ball
1-0: Called Strike
1-1: Swinging Strike
1-2: Foul Ball, location: 2F
1-2: Ball
2-2: Strikes out swinging
Pinch Hitting: RHB Gabriel Byram 0-0: Foul Ball, location: 2F
0-1: Foul Ball, location: 2F
0-2: Ball
1-2: Ball
2-2: Foul Ball, location: 2F
2-2: Ground out 3-1 (Groundball, 3S)
Batting: RHB Kevin Hale 0-0: Ball
1-0: Called Strike
1-1: Ball
2-1: Foul Ball, location: 2F
2-2: Strikes out swinging
Top of the 7th over - 0 runs, 0 hits, 0 errors, 0 left on base; Roy 2 - Santa Clarita 2
BOTTOM OF THE 7TH
Santa Clarita Music batting - Pitching for Roy Eagle Squadron : RHP John Ashe
Now at SS: Merlin Dobbin
Now in LF: Quinn Webb
Batting: RHB Juan Alvarado 0-0: Ball
1-0: Foul Ball, location: 2F
1-1: Ball
2-1: Swinging Strike
2-2: Ball
3-2: Fly out, F7 (Flyball, 78M)
Pinch Hitting: LHB Steve Hoffman 0-0: Foul Ball, location: 2F
0-1: Foul Ball, location: 2F
0-2: Ball
1-2: Ball
2-2: Ball
3-2: DOUBLE (Line Drive, 9LM)
Pitching: RHP Mitch Dawson
Batting: RHB Tyler Bond 0-0: Foul Ball, location: 2F
0-1: Called Strike
0-2: Fly out, F8 (Line Drive, 89S)
Batting: RHB Leroy Bates 0-0: Swinging Strike
0-1: Ball
1-1: Ball
2-1: Ground out 6-3 (Groundball, 6)
Bottom of the 7th over - 0 runs, 1 hit, 0 errors, 1 left on base; Roy 2 - Santa Clarita 2
TOP OF THE 8TH
Roy Eagle Squadron batting - Pitching for Santa Clarita Music : LHP Mario Árias
Pitching: RHP Marcos Féliz
Now at 3B: Sebastiăo Batissela
Batting: RHB Carl Curry 0-0: Foul Ball, location: 2F
0-1: Ground out 6-3 (Groundball, 56)
Batting: RHB Enrique Soto 0-0: SINGLE (Line Drive, 6M)
Pinch Runner at 1st Joseph McCarteney:
Batting: LHB Cisco Villanueva 0-0: Fly out, F3 (Popup, 23F)
Pinch Hitting: RHB Dan Duckworth 0-0: 2-RUN HOME RUN (Flyball, 7LD), Distance : 366 ft
Pitching: RHP John Wright
Batting: LHB Octávio Otero 0-0: Ball
1-0: Called Strike
1-1: Ball
2-1: Called Strike
2-2: Ball
3-2: Foul Ball, location: 2F
3-2: SINGLE (Line Drive, 6MD)
Batting: LHB Robinson González 0-0: Ball
Octávio Otero steals 2nd base
1-0: Fly out, F9 (Line Drive, 9D)
Top of the 8th over - 2 runs, 3 hits, 0 errors, 1 left on base; Roy 4 - Santa Clarita 2
BOTTOM OF THE 8TH
Santa Clarita Music batting - Pitching for Roy Eagle Squadron : RHP Mitch Dawson
Now at 3B: Dan Duckworth
Now in RF: Joseph McCarteney
Batting: RHB Sergio Moreno 0-0: Ball
1-0: Foul Ball, location: 2F
1-1: Ball
2-1: Foul Ball, location: 2F
2-2: Foul Ball, location: 2F
2-2: Foul Ball, location: 2F
2-2: Ball
3-2: Base on Balls
Batting: RHB Júlio Durán 0-0: Ball
1-0: Ball
2-0: Ball
3-0: Base on Balls
Sergio Moreno to second
Pitching: RHP Jorge Rodríguez
Batting: RHB Jesús Morales 0-0: Foul Ball, location: 2F
0-1: Fly out, F6 (Popup, 56D)
Batting: SHB Stan Gómez 0-0: Ball
1-0: Called Strike
1-1: Ball
Wild Pitch!
Sergio Moreno to third
Júlio Durán to second
2-1: SINGLE (Line Drive, 6D)
Sergio Moreno scores
Júlio Durán to third
Runner from 3rd tries for Home, SAFE, no throw
Batting: RHB Lyle Johnston 0-0: Ball
1-0: Swinging Strike
1-1: Ball
2-1: Swinging Strike
2-2: Strikes out swinging
Batting: RHB Juan Alvarado 0-0: Swinging Strike
0-1: Called Strike
0-2: Ball
1-2: Foul Ball, location: 2F
1-2: Foul Ball, location: 2F
1-2: Ball
2-2: Foul Ball, location: 2F
2-2: Ball
3-2: Fly out, F8 (Flyball, 8RM)
Bottom of the 8th over - 2 runs, 1 hit, 0 errors, 1 left on base; Roy 4 - Santa Clarita 4
TOP OF THE 9TH
Roy Eagle Squadron batting - Pitching for Santa Clarita Music : RHP John Wright
Batting: LHB Quinn Webb 0-0: Called Strike
0-1: Called Strike
0-2: Strikes out swinging
Pinch Hitting: LHB Michael Edwards 0-0: Foul Ball, location: 2F
0-1: Ball
1-1: Ball
2-1: Ground out 6-3 (Groundball, 56)
Pinch Hitting: RHB Ed Lindsey 0-0: Called Strike
0-1: SINGLE (Line Drive, 6MD)
Batting: RHB Carl Curry 0-0: Called Strike
0-1: Ball
1-1: Ball
2-1: Called Strike
2-2: Ball
3-2: Fly out, F8 (Flyball, 8RD)
Top of the 9th over - 0 runs, 1 hit, 0 errors, 1 left on base; Roy 4 - Santa Clarita 4
BOTTOM OF THE 9TH
Santa Clarita Music batting - Pitching for Roy Eagle Squadron : RHP Jorge Rodríguez
Pitching: RHP Danny Owen
Now at 1B: Michael Edwards
Now at SS: Juan Hernández
Batting: RHB Sebastiăo Batissela 0-0: Ball
1-0: Called Strike
1-1: Fly out, F2 (Popup, 13S)
Batting: RHB Tyler Bond 0-0: Ball
1-0: Foul Ball, location: 2F
1-1: Foul Ball, location: 2F
1-2: Foul Ball, location: 2F
1-2: Ball
2-2: DOUBLE (Groundball, 3L)
Pinch Hitting: LHB Federico Medina 0-0: Intentional Walk
Batting: RHB Sergio Moreno 0-0: Swinging Strike
0-1: Ball
1-1: Foul Ball, location: 2F
1-2: Ball
2-2: Foul Ball, location: 2F
2-2: Ball
3-2: Foul Ball, location: 2F
3-2: Strikes out looking
Batting: RHB Júlio Durán 0-0: Ground out 6-3 (Groundball, 6M)
Bottom of the 9th over - 0 runs, 1 hit, 0 errors, 2 left on base; Roy 4 - Santa Clarita 4
TOP OF THE 10TH
Roy Eagle Squadron batting - Pitching for Santa Clarita Music : RHP John Wright
Now at C: Roberto Martínez
Pinch Hitting: LHB Emory Lawson 0-0: Ball
1-0: Called Strike
1-1: Foul Ball, location: 2F
1-2: Ball
2-2: Ball
3-2: Base on Balls
Batting: LHB Cisco Villanueva 0-0: Ball
1-0: Ball
2-0: Ball
3-0: Base on Balls
Emory Lawson to second
Batting: RHB Dan Duckworth 0-0: Called Strike
0-1: Called Strike
0-2: Foul Ball, location: 2F
0-2: Ball
1-2: Fly out, F2 (Popup, 2LF)
Batting: LHB Octávio Otero 0-0: Swinging Strike
0-1: Ball
1-1: Ball
2-1: Ground out 5-3 (Groundball, 5)
Emory Lawson to third
Cisco Villanueva to second
Batting: LHB Robinson González 0-0: SINGLE (Line Drive, 9S)
Emory Lawson scores
Cisco Villanueva to third
Runner from 3rd tries for Home, SAFE, no throw
Pitching: RHP Pedro Mercado
Batting: LHB Quinn Webb 0-0: Ball
1-0: Called Strike
1-1: Called Strike
1-2: Strikes out looking
Top of the 10th over - 2 runs, 1 hit, 0 errors, 1 left on base; Roy 6 - Santa Clarita 4
BOTTOM OF THE 10TH
Santa Clarita Music batting - Pitching for Roy Eagle Squadron : RHP Danny Owen
Now in RF: Emory Lawson
Batting: RHB Jesús Morales 0-0: Swinging Strike
0-1: Swinging Strike
0-2: Foul Ball, location: 2F
0-2: Foul Ball, location: 2F
0-2: SINGLE (Line Drive, 7LM)
Batting: SHB Stan Gómez 0-0: Fly out, F6 (Line Drive, 6)
Batting: RHB Lyle Johnston 0-0: Foul Ball, location: 2F
0-1: SINGLE (Groundball, 6D)
Jesús Morales to second
Batting: RHB Juan Alvarado 0-0: Ball
1-0: TRIPLE (Flyball, 89XD)
Jesús Morales scores
Lyle Johnston scores
Batting: RHB Sebastiăo Batissela 0-0: Intentional Walk
Batting: RHB Tyler Bond 0-0: Foul Ball, location: 2F
0-1: Ball
1-1: Ball
2-1: Fly out, F9 (Flyball, 9S)
Batting: LHB Roberto Martínez 0-0: Ball
1-0: Ball
2-0: Fly out, F8 (Flyball, 8LM)
Bottom of the 10th over - 2 runs, 3 hits, 0 errors, 2 left on base; Roy 6 - Santa Clarita 6
TOP OF THE 11TH
Roy Eagle Squadron batting - Pitching for Santa Clarita Music : RHP Pedro Mercado
Batting: LHB Michael Edwards 0-0: Called Strike
0-1: Foul Ball, location: 2F
0-2: Ball
1-2: Ball
2-2: Foul Ball, location: 2F
2-2: Ball
3-2: Fly out, F8 (Flyball, 8LD)
Batting: RHB Juan Hernández 0-0: Fly out, F8 (Flyball, 78D)
Batting: RHB Carl Curry 0-0: Foul Ball, location: 2F
0-1: Ball
1-1: Foul Ball, location: 2F
1-2: Ball
2-2: Ball
3-2: Foul Ball, location: 2F
3-2: SINGLE (Line Drive, 4MD)
Batting: LHB Emory Lawson 0-0: Ball
1-0: Ball
2-0: Swinging Strike
2-1: Fly out, F5 (Popup, 5F)
Top of the 11th over - 0 runs, 1 hit, 0 errors, 1 left on base; Roy 6 - Santa Clarita 6
BOTTOM OF THE 11TH
Santa Clarita Music batting - Pitching for Roy Eagle Squadron : RHP Danny Owen
Pitching: LHP Guonçallo Caldas
Pinch Hitting: RHB Greg Grant 0-0: Called Strike
0-1: Ball
1-1: Ground out 1-3 (Groundball, P)
Batting: RHB Júlio Durán 0-0: Ball
1-0: Swinging Strike
1-1: Ball
2-1: Foul Ball, location: 2F
2-2: Foul Ball, location: 2F
2-2: Ball
3-2: Strikes out swinging
Batting: RHB Jesús Morales 0-0: Foul Ball, location: 2F
0-1: Swinging Strike
0-2: Ball
1-2: Ball
2-2: Ball
3-2: Ground out U3 (Groundball, 3)
Bottom of the 11th over - 0 runs, 0 hits, 0 errors, 0 left on base; Roy 6 - Santa Clarita 6
TOP OF THE 12TH
Roy Eagle Squadron batting - Pitching for Santa Clarita Music : RHP Pedro Mercado
Now at SS: Héctor Garza
Batting: LHB Cisco Villanueva 0-0: Ball
1-0: Ball
2-0: Foul Ball, location: 2F
2-1: Ball
3-1: Called Strike
3-2: Base on Balls
Batting: RHB Dan Duckworth 0-0: Foul Ball, location: 2F
0-1: Ball
1-1: Swinging Strike
1-2: Strikes out swinging
Batting: LHB Octávio Otero 0-0: Ball
Cisco Villanueva steals 2nd base
1-0: Swinging Strike
1-1: Called Strike
Cisco Villanueva is caught stealing 3rd base
1-2: Strikes out swinging
Top of the 12th over - 0 runs, 0 hits, 0 errors, 0 left on base; Roy 6 - Santa Clarita 6
BOTTOM OF THE 12TH
Santa Clarita Music batting - Pitching for Roy Eagle Squadron : LHP Guonçallo Caldas
Batting: SHB Stan Gómez 0-0: Ball
1-0: Called Strike
1-1: Ball
2-1: Foul Ball, location: 2F
2-2: SINGLE (Groundball, 56D)
Batting: RHB Lyle Johnston 0-0: Called Strike
0-1: Ball
1-1: Ball
2-1: Foul Ball, location: 2F
2-2: Foul Ball, location: 2F
2-2: Fly out, F7 (Flyball, 7LMF)
Batting: RHB Juan Alvarado 0-0: Ball
1-0: Ball
2-0: Ball
3-0: Base on Balls
Stan Gómez to second
Batting: RHB Sebastiăo Batissela 0-0: Ball
1-0: Ball
Stan Gómez steals 3rd base
Juan Alvarado to second
2-0: Intentional Walk
Batting: RHB Tyler Bond 0-0: Swinging Strike
0-1: Ball
1-1: Called Strike
1-2: Ball
2-2: Strikes out swinging
Pinch Hitting: RHB Juan Mota 0-0: Ball
1-0: Ball
2-0: Ball
3-0: Base on Balls
Stan Gómez scores
Juan Alvarado to third
Sebastiăo Batissela to second
Saturday, December 16th, 2017 - OOTP Baseball 18.8 Build 76